 Dungeon Crawl Stone Soup version 0.31-a0-662-g684573625c (webtiles) character file.

Game seed: 7262175032879202301

90 ytrimaz the Insei (level 4, -3/34 HPs)
             Began as a Gnoll Shapeshifter on Aug 31, 2023.
             Slain by a gnoll
             ... wielding a +1 spear of flaming
              (7 damage)
             ... on level 3 of the Dungeon.
             The game lasted 00:01:33 (1692 turns).

ytrimaz the Insei (Gnoll Shapeshifter)              Turns: 1692, Time: 00:01:34

Health: -3/34      AC:  2    Str: 19    XL:     4   Next: 56%
Magic:  5/5        EV: 18    Int: 10    God:
Gold:   87         SH:  0    Dex: 13    Spells: 5/5 levels left

rFire   . .          .
                       - Unarmed
rCold   . . .        (no shield)
rNeg    . . .        a - +0 animal skin
rPois   .            (helmet currently unavailable)
rElec   .            (cloak currently unavailable)
rCorr   .            (gloves currently unavailable)
SInv    .            (boots currently unavailable)
Will    .....        (no amulet)
Stlth   ++           h - +6 ring of strength
HPRegen 0.25/turn    l - +5 ring of evasion
MPRegen 0.09/turn

%: no passive effects
@: beast-form
A: beast (slay +3), fangs 1, strong nose, distributed training
a: Begin Untransformation


You were on level 3 of the Dungeon.
You were a hulking beast.
You visited 1 branch of the dungeon, and saw 3 of its levels.

You collected 87 gold pieces.


Innate Abilities, Weirdness & Mutations

You are a hulking beast.
Your limbs bulge with bestial killing power. (Slay +3)
You have very sharp teeth.
Your uncanny sense of smell can sniff out nearby items.
Your experience applies equally to all skills.


   Skills:
 + Level 2.8 Fighting
 + Level 1.2 Short Blades
 + Level 1.2 Long Blades
 + Level 1.2 Axes
 + Level 1.2 Maces & Flails
 + Level 1.2 Polearms
 + Level 1.2 Staves
 + Level 1.2 Ranged Weapons
 + Level 1.2 Throwing
 + Level 1.2 Armour
 + Level 4.6 Dodging
 + Level 1.2 Stealth
 + Level 1.2 Shields
 + Level 6.6 Unarmed Combat
 + Level 1.2 Spellcasting
 + Level 1.0 Conjurations
 + Level 1.0 Hexes
 + Level 1.0 Summonings
 + Level 1.0 Necromancy
 + Level 1.0 Translocations
 + Level 1.0 Transmutations
 + Level 1.0 Fire Magic
 + Level 1.0 Ice Magic
 + Level 1.0 Air Magic
 + Level 1.0 Earth Magic
 + Level 1.0 Poison Magic
 + Level 1.3 Invocations
 + Level 1.2 Evocations
 + Level 6.5 Shapeshifting


You had 5 spell levels left.
You didn't know any spells.
Your spell library contained the following spells:

 Spells                   Type           Power      Damage    Failure   Level
 Apportation              Tloc           4%         N/A       22%         1
 Dazzling Flash           Conj/Hex       4%         N/A       56%         3
 Ozocubu's Armour         Ice            2%         N/A       56%         3
 Volatile Blastmotes      Fire/Tloc      4%         2d10      56%         3
 Agony                    Necr           2%         N/A       99%         5
 Silence                  Hex/Air        1%         N/A       99%         5
 Ozocubu's Refrigeration  Ice            1%         4d7       100%        7

Inventory:

Armour
 a - a +0 animal skin (worn)
Jewellery
 h - a +6 ring of strength (left hand)
   (You found it on level 2 of the Dungeon)
 l - a +5 ring of evasion (right hand)
   (You found it on level 2 of the Dungeon)
Talismans
 c - a beast talisman (active)
 d - a flux talisman
Scrolls
 e - 6 scrolls of identify {unknown}
 g - a scroll of noise {unknown}
Potions
 b - a potion of lignification
 f - a potion of cancellation {unknown}
 i - a potion of curing {unknown}
 j - a potion of heal wounds {unknown}
 k - a potion of degeneration {unknown}
 m - a potion of brilliance {unknown}

Dungeon Overview and Level Annotations

Branches:
Dungeon (3/15) Zot: 16319

Altars:

.....###...####
.............#
######+#####.#
∆.###.....###.###
..###.....##...#
...###.....#.#......
.!.o###....#.###....
....K###...B.# .##
#+######..#h# #
#.###.#g# #..####g#
+...###B# #?..g##Z#
#.....#.# ##....#..
###...+.#


You could see 2 gnolls, 2 giant cockroaches, a hobgoblin and a ball python
skeleton.


Message History

Key pressed, stopping explore.
You pick your way through the web.
l - a +5 ring of evasion
There is a web here. 😎 HP[+3]
Your hp is fully restored (34).
Key pressed, stopping explore.
You see here a +0 club.
m - an emerald potion Done exploring.
Done exploring.
Done exploring.
Done exploring.
Done exploring.
l - a +5 ring of evasion (right hand) Done exploring.
Done exploring.
Done exploring.
Done exploring.
You open the door.
There is an open door here.
There is a stone staircase leading down here.
You climb downwards.
There is a stone staircase leading up here.
The giant cockroach waves its antennae.
There is a stone staircase leading up here.
The kobold shouts!
You hear a shout!
A gnoll comes into view. It is wielding a +0 spear.
The gnoll moves out of view.
The gnoll shouts!
You hear a shout!
A gnoll comes into view. It is wielding a +0 flail.
The gnoll moves out of view.
The gnoll shouts! 2 gnolls come into view.
A gnoll is wielding a +1 spear of flaming.
The hobgoblin shouts!
The gnoll shouts!
The gnoll closely misses you.
You barely miss the gnoll. You hit the gnoll. You punch the gnoll.
The gnoll closely misses you.
You closely miss the gnoll.
The gnoll hits you with a +0 spear. 😕 HP[-5]
You take 5 damage, and now have 29/34 hp.
You punch the gnoll!
You kill the gnoll!
A giant cockroach comes into view.
You hit the gnoll but do no damage. You bite the gnoll.
A gnoll opens the door.
You completely miss the gnoll. You bite the gnoll, but do no damage.
The giant cockroach completely misses you.
A ball python skeleton comes into view.
The gnoll misses you.
The gnoll hits you with a +0 flail. 😕 HP[-3]
You take 3 damage, and now have 26/34 hp.
You hit the gnoll. You bite the gnoll. The giant cockroach closely misses you.
The gnoll misses you. The gnoll completely misses you.
You hit the gnoll. The giant cockroach misses you.
The gnoll hits you from afar with a +1 spear of flaming.
The gnoll burns you. The gnoll closely misses you. 😮 HP[-3]
You take 3 damage, and now have 23/34 hp.
You punch the gnoll!
You kill the gnoll!
The giant cockroach barely misses you.
Your Conjurations skill increases to level 1!
Your Hexes skill increases to level 1!
Your Summonings skill increases to level 1!
Your Necromancy skill increases to level 1!
Your Translocations skill increases to level 1!
Your Transmutations skill increases to level 1!
Your Fire Magic skill increases to level 1!
Your Ice Magic skill increases to level 1!
Your Air Magic skill increases to level 1!
Your Earth Magic skill increases to level 1!
Your Poison Magic skill increases to level 1!
The gnoll hits you with a +1 spear of flaming!
* * * LOW HITPOINT WARNING * * *
The gnoll burns you.
* * * LOW HITPOINT WARNING * * *
The gnoll misses you. The giant cockroach closely misses you.
Things that are here:
a +0 flail; a +0 spear; a gnoll corpse; 😨 HP[-9]
You take 9 damage, and now have 14/34 hp.
MASSIVE DAMAGE!! (PAUSE)
You closely miss the gnoll. The giant cockroach closely misses you.
The gnoll hits you with a +1 spear of flaming.
* * * LOW HITPOINT WARNING * * *
The gnoll burns you.
* * * LOW HITPOINT WARNING * * *
The gnoll hits you from afar with a +0 spear.
* * * LOW HITPOINT WARNING * * *
😱 HP[-9]
You take 9 damage, and now have 5/34 hp.
MASSIVE DAMAGE!! (PAUSE)
You hit the gnoll but do no damage. The giant cockroach bites you.
* * * LOW HITPOINT WARNING * * *
The gnoll barely misses you. x2; The giant cockroach misses you. 😱 HP[-1]
You take 1 damage, and now have 4/34 hp.
You hit the gnoll.
The gnoll hits you with a +1 spear of flaming!
You die...

Skill      XL: |  1  2  3  4 |
---------------+-------------+-----
Invocations    | 1 |  1.3
Short Blades   | 1 |  1.2
Long Blades    | 1 |  1.2
Axes           | 1 |  1.2
Maces & Flails | 1 |  1.2
Polearms       | 1 |  1.2
Staves         | 1 |  1.2
Ranged Weapons | 1 |  1.2
Throwing       | 1 |  1.2
Armour         | 1 |  1.2
Stealth        | 1 |  1.2
Shields        | 1 |  1.2
Spellcasting   | 1 |  1.2
Evocations     | 1 |  1.2
Conjurations   | 1 |  1.0
Hexes          | 1 |  1.0
Summonings     | 1 |  1.0
Necromancy     | 1 |  1.0
Translocations | 1 |  1.0
Transmutations | 1 |  1.0
Fire Magic     | 1 |  1.0
Ice Magic      | 1 |  1.0
Air Magic      | 1 |  1.0
Earth Magic    | 1 |  1.0
Poison Magic   | 1 |  1.0
Fighting       | |  2.8
Dodging        | |  4.6
Unarmed Combat | |  6.6
Shapeshifting  | |  6.5

Action                     |  1- 3 |  4- 6 || total
---------------------------+-------+-------++-------
  Melee: Unarmed           |    79 |    15 ||    94
         Bite              |     5 |     3 ||     8
         Punch             |     4 |     1 ||     5
   Stab: Sleeping          |     1 |       ||     1
 Armour: Animal skin       |    35 |     9 ||    44
  Dodge: Dodged            |    49 |    17 ||    66

Levels and vault maps discovered:
D:1:      minmay_arrival_four_houses, layout_basic
D:2:      layout_loops_corners, serial_glass, glass_columns_a, glass_columns_a,
          corner_web_ring, nicolae_titane
D:3:      layout_loops_ring, serial_undead, serial_undead_d, serial_undead_d,
          serial_undead_d, serial_undead_e, serial_undead_e, serial_undead_d,
          serial_undead_e, minmay_quadrilaterals

Notes
Turn   | Place    | Note
-------+----------+-------------------------------------------
     0 | D:1      | ytrimaz the Gnoll Shapeshifter began the quest for the Orb.
     0 | D:1      | Reached XP level 1. HP: 17/17 MP: 1/1
     0 | D:1      | magus.rc [v1.9.6]
    97 | D:1      | Reached XP level 2. HP: 8/23 MP: 2/2
   257 | D:1      | You pick up a book of the Senses and begin reading...
   257 | D:1      | You add the spells Dazzling Flash, Agony and Silence to
                  | your library.
   408 | D:1      | Reached XP level 3. HP: 25/28 MP: 3/3
   568 | D:1      | Reached skill level 1 in Invocations
  1035 | D:2      | Reached skill level 1 in Short Blades
  1035 | D:2      | Reached skill level 1 in Long Blades
  1035 | D:2      | Reached skill level 1 in Axes
  1035 | D:2      | Reached skill level 1 in Maces & Flails
  1035 | D:2      | Reached skill level 1 in Polearms
  1035 | D:2      | Reached skill level 1 in Staves
  1035 | D:2      | Reached skill level 1 in Ranged Weapons
  1035 | D:2      | Reached skill level 1 in Throwing
  1035 | D:2      | Reached skill level 1 in Armour
  1035 | D:2      | Reached skill level 1 in Stealth
  1035 | D:2      | Reached skill level 1 in Shields
  1035 | D:2      | Reached skill level 1 in Spellcasting
  1035 | D:2      | Reached skill level 1 in Evocations
  1186 | D:2      | You add the spells Apportation, Volatile Blastmotes,
                  | Ozocubu's Armour and Ozocubu's Refrigeration to your
                  | library.
  1186 | D:2      | Got the Directory of the Tesseract and Refrigeration
  1278 | D:2      | Reached XP level 4. HP: 30/34 MP: 5/5
  1689 | D:3      | Reached skill level 1 in Conjurations
  1689 | D:3      | Reached skill level 1 in Hexes
  1689 | D:3      | Reached skill level 1 in Summonings
  1689 | D:3      | Reached skill level 1 in Necromancy
  1689 | D:3      | Reached skill level 1 in Translocations
  1689 | D:3      | Reached skill level 1 in Transmutations
  1689 | D:3      | Reached skill level 1 in Fire Magic
  1689 | D:3      | Reached skill level 1 in Ice Magic
  1689 | D:3      | Reached skill level 1 in Air Magic
  1689 | D:3      | Reached skill level 1 in Earth Magic
  1689 | D:3      | Reached skill level 1 in Poison Magic
  1690 | D:3      | HP: 8/34 [gnoll/+1 spear of flaming (2)]
  1692 | D:3      | Slain by a gnoll

Vanquished Creatures
  3 gnolls
  An adder (D:2)
  A worm (D:2)
  An endoplasm (D:1)
  A giant cockroach (D:1)
  6 goblins
  9 hobgoblins
  4 jackals (D:1)
  2 quokkas
  3 ball pythons
  5 bats
  2 frilled lizards
  4 kobolds
  3 rats
45 creatures vanquished.

Table legend:
 A = Non-vault XP
 B = Vault XP
 C = Vault XP percentage of total XP
 D = Non-vault monster count
 E = Vault monster count
 F = Vault count percentage of total count
                 A         B        C        D         E       F
            +---------+---------+-------+---------+---------+-------
      Total |     129 |       0 |   0.0 |      45 |       0 |   0.0
            +---------+---------+-------+---------+---------+-------
        D:1 |      58 |       0 |   0.0 |      27 |       0 |   0.0
        D:2 |      42 |       0 |   0.0 |      16 |       0 |   0.0
        D:3 |      29 |       0 |   0.0 |       2 |       0 |   0.0
            +---------+---------+-------+---------+---------+-------

Skill      XL: |  1  2  3  4 |
---------------+-------------+-----
Invocations    | 1 |  1.3
Short Blades   | 1 |  1.2
Long Blades    | 1 |  1.2
Axes           | 1 |  1.2
Maces & Flails | 1 |  1.2
Polearms       | 1 |  1.2
Staves         | 1 |  1.2
Ranged Weapons | 1 |  1.2
Throwing       | 1 |  1.2
Armour         | 1 |  1.2
Stealth        | 1 |  1.2
Shields        | 1 |  1.2
Spellcasting   | 1 |  1.2
Evocations     | 1 |  1.2
Conjurations   | 1 |  1.0
Hexes          | 1 |  1.0
Summonings     | 1 |  1.0
Necromancy     | 1 |  1.0
Translocations | 1 |  1.0
Transmutations | 1 |  1.0
Fire Magic     | 1 |  1.0
Ice Magic      | 1 |  1.0
Air Magic      | 1 |  1.0
Earth Magic    | 1 |  1.0
Poison Magic   | 1 |  1.0
Fighting       | |  2.8
Dodging        | |  4.6
Unarmed Combat | |  6.6
Shapeshifting  | |  6.5

Action                     |  1- 3 |  4- 6 || total
---------------------------+-------+-------++-------
  Melee: Unarmed           |    79 |    15 ||    94
         Bite              |     5 |     3 ||     8
         Punch             |     4 |     1 ||     5
   Stab: Sleeping          |     1 |       ||     1
 Armour: Animal skin       |    35 |     9 ||    44
  Dodge: Dodged            |    49 |    17 ||    66

Illustrated notes

Table legend:
 A = Kills in this place as a percentage of kills in the entire game.
 B = Kills by you in this place as a percentage of kills by you in the entire game.
 C = Kills by friends in this place as a percentage of kills by friends in the entire game.
 D = Other kills in this place as a percentage of other kills in the entire game.
 E = Experience gained in this place as a percentage of experience gained in the entire game.
 F = Experience gained in this place divided by the number of levels of this place that you have seen.
                   A       B       C       D       E      F
               +-------+-------+-------+-------+-------+----------------------
         Total | 100.0 | 100.0 |   N/A |   N/A | 100.0 |  43.0
       Dungeon | 100.0 | 100.0 |   N/A |   N/A | 100.0 |  43.0
               +-------+-------+-------+-------+-------+----------------------

Table legend: (Time is in decaauts)
 A = Elapsed time spent in this place.
 B = Non-inter-level travel time spent in this place.
 C = Inter-level travel time spent in this place.
 D = Time resting spent in this place.
 E = Time spent auto-exploring this place.
 F = Levels seen in this place.
 G = Mean time per level.
                   A        B        C        D        E       F      G
               +--------+--------+--------+--------+--------+-----+--------+
         Total |   1679 |   1625 |     54 |      0 |   1336 |   3 |  559.7 |
       Dungeon |   1679 |   1625 |     54 |      0 |   1336 |   3 |  559.7 |
               +--------+--------+--------+--------+--------+-----+--------+

Top non-repeatable levels by time:
     D:1: 842 daAuts
     D:2: 805 daAuts
     D:3: 31 daAuts
